 Dungeon Crawl Stone Soup version 0.31.0-12-g77e489cdc1 (webtiles) character file.

Game seed: 2941822934994092485

95 Marvel the Chopper (level 4, -1/41 HPs)
             Began as a Hill Orc Berserker on Feb 26, 2024.
             Was a Believer of Trog.
             Slain by a gnoll
             ... wielding a +0 spear
              (5 damage)
             ... on level 2 of the Dungeon.
             The game lasted 00:02:51 (1278 turns).

Marvel the Chopper (Hill Orc Berserker)             Turns: 1278, Time: 00:02:51

Health: -1/41      AC:  2    Str: 27    XL:     4   Next: 65%
Magic:  4/4        EV: 11    Int:  7    God:    Trog [**....]
Gold:   20         SH:  0    Dex: 10    Spells: 3/3 levels left

rFire   . . .        a - +0 hand axe
rCold   . . .        (no shield)
rNeg    . . .        b - +0 animal skin
rPois   .            (no helmet)
rElec   .            (no cloak)
rCorr   .            (no gloves)
SInv    .            (no boots)
Will    ++...        (no amulet)
Stlth   +            q - +6 ring of strength
HPRegen 1.26/turn    (no ring)
MPRegen 0.09/turn

%: no passive effects
@: strong-willed, on berserk cooldown, regenerating, slowed, very slow
A: no striking features
a: Renounce Religion, Berserk, Trog's Hand


You were on level 2 of the Dungeon.
You worshipped Trog.
Trog was pleased with you.
You visited 1 branch of the dungeon, and saw 2 of its levels.

You collected 110 gold pieces.
You spent 90 gold pieces at shops.

Inventory:

Hand Weapons
 a - a +0 hand axe (weapon)
Missiles
 h - 6 boomerangs (quivered)
Armour
 b - a +0 animal skin (worn)
Jewellery
 q - a +6 ring of strength (left hand)
Scrolls
 d - a scroll of enchant armour {unknown}
 e - a scroll of immolation {unknown}
 f - a scroll of amnesia {unknown}
 g - 2 scrolls of identify {unknown}
 i - a scroll of fear {unknown}
 k - a scroll of blinking {unknown}
 m - a scroll of enchant weapon {unknown}
 p - a scroll of vulnerability {unknown}
Potions
 c - 3 potions of berserk rage {unknown}
 j - 2 potions of ambrosia {unknown}
 l - 2 potions of curing
 n - a potion of lignification {unknown}
 o - 2 potions of heal wounds
 r - 2 potions of mutation {unknown}


   Skills:
 + Level 4.7 Fighting
 + Level 5.8 Axes
 + Level 2.5 Armour
 - Level 1.5 Dodging
 + Level 0.2 Stealth


You had 3 spell levels left.
You didn't know any spells.
Your spell library was empty.

Dungeon Overview and Level Annotations

Branches:
Dungeon (2/15)

Altars:
Vehumet

Shops:
D:1 *   D:2 !!!=


Message History

You slash the gnoll!
You kill the gnoll!
Trog accepts your kill. The gnoll barely misses you.
You see here a +0 whip.
You slash the gnoll!
You kill the gnoll!
Trog accepts your kill.
You barely miss the frilled lizard. The frilled lizard bites you.
You barely miss the frilled lizard. You slash the frilled lizard!
You kill the frilled lizard!
Trog accepts your kill.
You completely miss the gnoll.
The gnoll hits you with a +2 flail of protection!
The gnoll barely misses you.
You closely miss the gnoll. The gnoll barely misses you.
The gnoll hits you from afar with a +0 spear.
You barely miss the gnoll. You hit the gnoll but do no damage.
The gnoll hits you with a +2 flail of protection!
* * * LOW HITPOINT WARNING * * *
The gnoll hits you from afar with a +0 spear.
* * * LOW HITPOINT WARNING * * *
You hit the gnoll.
The gnoll is heavily wounded.
The gnoll barely misses you.
The gnoll hits you from afar with a +0 spear.
* * * LOW HITPOINT WARNING * * *
You slash the gnoll!
You kill the gnoll!
Trog accepts your kill.
You are no longer berserk.
You are exhausted.
You feel yourself slow down.
Your skin crawls.
You feel strong-willed. The gnoll misses you.
The gnoll hits you from afar with a +0 spear.
You die...

#.....#.........
..._..#.#####.##
#[.)..#.# #
#.....#.# ####
#..##.#.# ...
....).#.# ..#
#######.# #g# #
#.# #)# # #.#
#@# # #.# #.# #
#.# #.#
#######.# #?#
........# ##.##
###.#####
####†#....# #
##.##
#...##.....#
#####.#
#.##.#.......
..# #.# #.#
#.##.#.##


You could see a gnoll.

Vanquished Creatures
  3 gnolls (D:2)
  3 adders (D:2)
  A dart slug (D:2)
  4 ball pythons
  An endoplasm (D:1)
  5 goblins
  3 hobgoblins
  3 quokkas
  6 bats
  4 frilled lizards (D:2)
  2 kobolds
  6 rats
41 creatures vanquished.

Notes
Turn   | Place    | Note
-------+----------+-------------------------------------------
     0 | D:1      | Marvel the Hill Orc Berserker began the quest for the Orb.
     0 | D:1      | Reached XP level 1. HP: 19/19 MP: 1/1
   140 | D:1      | Found Vuli's Assorted Antiques.
   213 | D:1      | Reached XP level 2. HP: 25/27 MP: 2/2
   762 | D:2      | Found Voecvoxuc's Distillery.
   772 | D:2      | Reached XP level 3. HP: 31/33 MP: 3/3
   773 | D:2      | Bought a potion of heal wounds for 60 gold pieces
   876 | D:2      | Found a radiant altar of Vehumet.
   893 | D:2      | Reached skill level 5 in Axes
   956 | D:2      | Found Reozisogg's Distillery.
  1111 | D:2      | Found Guboig's Distillery.
  1112 | D:2      | Reached ** piety under Trog
  1125 | D:2      | Reached XP level 4. HP: 40/41 MP: 4/4
  1127 | D:2      | Bought a potion of curing for 30 gold pieces
  1179 | D:2      | Found Coadan's Jewellery Shop.
  1278 | D:2      | Slain by a gnoll

Illustrated notes

Levels and vault maps discovered:
D:1:      erik_arrival_triangle_small, layout_basic, serial_shops, shop
D:2:      layout_loops_ring, basic_altar, serial_shops, shop,
          nicolae_shop_trees, shop, shop

Skill      XL: |  1  2  3 |
---------------+----------+-----
Fighting       | 4 |  4.7
Axes           | 5 |  5.8
Armour         | |  2.5
Dodging        | |  1.5
Stealth        | |  0.2

Action                     |  1- 3 |  4- 6 || total
---------------------------+-------+-------++-------
  Melee: Hand axe          |   100 |    24 ||   124
         Punch             |       |     1 ||     1
 Invoke: Berserk           |       |     1 ||     1
         Trog's Hand       |       |     1 ||     1
 Armour: Animal skin       |    65 |    16 ||    81
  Dodge: Dodged            |    65 |    15 ||    80
